AoeStats
← Navix de los Bosques de Lituania

Arabia

503519791Analyzed
2v2 RM · 1mo ago on Sep 1, 2026· 38m 21s· 4 players
Game mode
Random Map
Map size
Medium (4 player)
Population
200
Speed
Normal
Resources
Standard
Victory
Conquest
Starting age
Dark Age
Ending age
Imperial Age
RankedLock teamsTeams togetherTeam positionsShared explorationLock speedFull tech treeHidden civsTurbo modeCheats
Victory
Defeat
🇨🇴 Sicilians · Colombia
750
+12
709
+14
🇲🇽 Wei · Mexico
660
-13
🇵🇪 Mongols · Peru
660
-13
Navix de los Bosques de Lituania
3:23 Loom
11:54 Feudal Age
11:59 Man-at-Arms
12:49 Arson
13:47 Long Swordsman
16:00 Scale Mail Armor
36:24 Forging
36:18 Padded Archer Armor
36:09 Fletching
Derzer
10:13 Feudal Age
11:37 Wheelbarrow
14:31 Town Watch
21:13 Arson
22:26 Horse Collar
23:23 Scale Mail Armor
24:30 Stone Mining
29:07 Loom
31:01 Forging
36:55 Castle Age
ZOROKUZO
0:49 Loom
11:44 Feudal Age
13:10 Man-at-Arms
25:01 Bloodlines
Loca Dominga
0:27 Loom
11:51 Feudal Age
17:22 Man-at-Arms
22:40 Horse Collar
29:59 Gold Mining
33:44 Castle Age
34:18 Fletching
35:07 Heavy Plow
36:10 Bodkin Arrow
37:36 Double-Bit Axe
Connection lost

Rejoining the realm…

Still unreachable

The connection could not be restored.

Session expired

The server has moved on; the page needs a fresh start.